ITL
WISCONSIN TIMBER RATTLERS @ TOPEKA TORNADOS
05/20/2027
 
TOP OF THE 1ST
Wisconsin Timber Rattlers batting - Pitching for Topeka Tornados : LHP Anthony Erickson
Pitching: LHP Anthony Erickson
Batting: RHB Greg King 0-0: Called Strike
0-1: Ball
1-1: Ball
2-1: DOUBLE (Line Drive, 7LM)
Batting: RHB William Farmer 0-0: Called Strike
0-1: Ball
1-1: Called Strike
1-2: Foul Ball, location: 2F
1-2: Ball
2-2: Foul Ball, location: 2F
2-2: Foul Ball, location: 2F
2-2: Ball
3-2: Strikes out swinging
Batting: RHB Dick Slagboom 0-0: Ball
1-0: Ball
2-0: Ground out 6-3 (Groundball, 6)
Greg King to third
Batting: RHB Vicente Vélez 0-0: Ball
1-0: Ball
2-0: Swinging Strike
2-1: Foul Ball, location: 2F
2-2: Ball
3-2: Base on Balls
Batting: LHB George Smith 0-0: Called Strike
0-1: Ball
1-1: Foul Ball, location: 2F
1-2: Foul Ball, location: 2F
1-2: Strikes out swinging
Top of the 1st over - 0 run(s), 1 hit(s), 0 error(s), 2 left on base; Wisconsin 0 - Topeka 0
BOTTOM OF THE 1ST
Topeka Tornados batting - Pitching for Wisconsin Timber Rattlers : RHP Guy Hebert
Pitching: RHP Guy Hebert
Batting: RHB José Pinto 0-0: Ball
1-0: Ball
2-0: Ball
3-0: Base on Balls
Batting: LHB Yoshiaki Ohayashi 0-0: Ball
1-0: Ball
2-0: Ball
3-0: Base on Balls
José Pinto to second
Batting: RHB Desi Thompson 0-0: Foul Ball, location: 2F
0-1: Grounds into double play, 4-6-3 (Groundball, 4M)
José Pinto to third
Batting: RHB Don Thomas 0-0: Foul Ball, location: 2F
0-1: Foul Ball, location: 2F
0-2: Ball
1-2: Fly out, F8 (Flyball, 78XD)
Bottom of the 1st over - 0 run(s), 0 hit(s), 0 error(s), 1 left on base; Wisconsin 0 - Topeka 0
TOP OF THE 2ND
Wisconsin Timber Rattlers batting - Pitching for Topeka Tornados : LHP Anthony Erickson
Batting: RHB Shawn Marshall 0-0: Ball
1-0: Called Strike
1-1: Called Strike
1-2: Strikes out swinging
Batting: RHB Bailey Ramsey 0-0: Called Strike
0-1: Foul Ball, location: 2F
0-2: Ball
1-2: SINGLE (Line Drive, 9S)
Batting: RHB Danny Campbell 0-0: Called Strike
0-1: Ball
1-1: Foul Ball, location: 2F
1-2: SINGLE (Flyball, 9LS)
Bailey Ramsey to second
Runner from 2nd tries for 3rd, SAFE, throw made to third
Batting: SHB José López 0-0: Called Strike
0-1: Swinging Strike
0-2: Strikes out swinging
Batting: RHB Greg King 0-0: Called Strike
Balk!
Bailey Ramsey scores
Danny Campbell to second
0-1: Ball
1-1: Ball
2-1: Foul Ball, location: 2F
2-2: Strikes out swinging
Top of the 2nd over - 1 run(s), 2 hit(s), 0 error(s), 1 left on base; Wisconsin 1 - Topeka 0
BOTTOM OF THE 2ND
Topeka Tornados batting - Pitching for Wisconsin Timber Rattlers : RHP Guy Hebert
Batting: RHB Bob Hall 0-0: Ball
1-0: Ball
2-0: Foul Ball, location: 2F
2-1: Swinging Strike
2-2: Strikes out swinging
Batting: SHB Giancarlo Giannini 0-0: Ball
1-0: Ball
2-0: Foul Ball, location: 2F
2-1: Fly out, F3 (Popup, 3L)
Batting: RHB Ed Watkins 0-0: SINGLE (Flyball, 6MD)
Batting: LHB Rusty Clinton 0-0: DOUBLE (Line Drive, 9LM)
Ed Watkins to third
Runner from 3rd tries for Home, SAFE, no throw
Batting: RHB Gabriel Santana 0-0: Called Strike
0-1: Ball
1-1: Ball
2-1: Swinging Strike
2-2: Ball
3-2: Strikes out swinging
Bottom of the 2nd over - 1 run(s), 2 hit(s), 0 error(s), 1 left on base; Wisconsin 1 - Topeka 1
TOP OF THE 3RD
Wisconsin Timber Rattlers batting - Pitching for Topeka Tornados : LHP Anthony Erickson
Batting: RHB William Farmer 0-0: Ball
1-0: Ball
2-0: Called Strike
2-1: Foul Ball, location: 2F
2-2: Strikes out swinging
Batting: RHB Dick Slagboom 0-0: Called Strike
0-1: Ball
1-1: Ball
2-1: Called Strike
2-2: Foul Ball, location: 2F
2-2: Foul Ball, location: 2F
2-2: Ball
3-2: Foul Ball, location: 2F
3-2: Ground out 6-3 (Groundball, 6)
Batting: RHB Vicente Vélez 0-0: Ball
1-0: Called Strike
1-1: Called Strike
1-2: Ball
2-2: Strikes out swinging
Top of the 3rd over - 0 run(s), 0 hit(s), 0 error(s), 0 left on base; Wisconsin 1 - Topeka 1
BOTTOM OF THE 3RD
Topeka Tornados batting - Pitching for Wisconsin Timber Rattlers : RHP Guy Hebert
Batting: RHB José Pinto 0-0: Ball
1-0: Swinging Strike
1-1: Foul Ball, location: 2F
1-2: Strikes out looking
Batting: LHB Yoshiaki Ohayashi 0-0: Foul Ball, location: 2F
0-1: Ball
1-1: Called Strike
1-2: Ball
2-2: SOLO HOME RUN (Flyball, 89XD), Distance : 407 ft
Batting: RHB Desi Thompson 0-0: Called Strike
0-1: Foul Ball, location: 2F
0-2: Ball
1-2: Ball
2-2: Strikes out swinging
Batting: RHB Don Thomas 0-0: Ball
1-0: Ball
2-0: Ball
3-0: Called Strike
3-1: Foul Ball, location: 2F
3-2: SOLO HOME RUN (Flyball, 7LD), Distance : 346 ft
Batting: RHB Bob Hall 0-0: Ball
1-0: Ball
2-0: Ball
3-0: Base on Balls
Batting: SHB Giancarlo Giannini 0-0: Ball
1-0: Ball
2-0: SINGLE (Flyball, 7S)
Bob Hall to second
Batting: RHB Ed Watkins 0-0: Ball
1-0: Ball
2-0: Ball
3-0: Foul Ball, location: 2F
3-1: Foul Ball, location: 2F
3-2: Strikes out swinging
Bottom of the 3rd over - 2 run(s), 3 hit(s), 0 error(s), 2 left on base; Wisconsin 1 - Topeka 3
TOP OF THE 4TH
Wisconsin Timber Rattlers batting - Pitching for Topeka Tornados : LHP Anthony Erickson
Batting: LHB George Smith 0-0: Called Strike
0-1: Foul Ball, location: 2F
0-2: Foul Ball, location: 2F
0-2: SINGLE (Groundball, 4MD)
Batting: RHB Shawn Marshall 0-0: Ball
1-0: Foul Ball, location: 2F
1-1: Called Strike
1-2: Ground out 5-3 (Groundball, 56S)
George Smith to second
Batting: RHB Bailey Ramsey 0-0: Ball
1-0: Called Strike
1-1: Ball
2-1: Foul Ball, location: 2F
2-2: Ball
3-2: Foul Ball, location: 2F
3-2: Ground out 5-3 (Groundball, 56)
Batting: RHB Danny Campbell 0-0: Called Strike
0-1: Ball
1-1: Ball
2-1: Foul Ball, location: 2F
2-2: Strikes out swinging
Top of the 4th over - 0 run(s), 1 hit(s), 0 error(s), 1 left on base; Wisconsin 1 - Topeka 3
BOTTOM OF THE 4TH
Topeka Tornados batting - Pitching for Wisconsin Timber Rattlers : RHP Guy Hebert
Batting: LHB Rusty Clinton 0-0: Ball
1-0: Ground out U3 (Groundball, 3)
Batting: RHB Gabriel Santana 0-0: Ball
1-0: Ball
2-0: Ball
3-0: Called Strike
3-1: Base on Balls
Batting: RHB José Pinto 0-0: Called Strike
0-1: SINGLE (Groundball, 25) (infield hit)
Gabriel Santana to second
Batting: LHB Yoshiaki Ohayashi 0-0: Ball
1-0: Ball
2-0: Ball
3-0: Called Strike
3-1: Swinging Strike
3-2: Foul Ball, location: 2F
3-2: Base on Balls
Gabriel Santana to third
José Pinto to second
Batting: RHB Desi Thompson 0-0: Foul Ball, location: 2F
0-1: Swinging Strike
0-2: Ball
1-2: Strikes out swinging
Batting: RHB Don Thomas 0-0: Foul Ball, location: 2F
0-1: Fly out, F7 (Flyball, 7)
Bottom of the 4th over - 0 run(s), 1 hit(s), 0 error(s), 3 left on base; Wisconsin 1 - Topeka 3
TOP OF THE 5TH
Wisconsin Timber Rattlers batting - Pitching for Topeka Tornados : LHP Anthony Erickson
Pitching: RHP Larry Jones
Batting: SHB José López 0-0: Foul Ball, location: 2F
0-1: Ball
1-1: Ball
2-1: Foul Ball, location: 2F
2-2: TRIPLE (Line Drive, 3L)
Batting: RHB Greg King 0-0: Fly out, F7 (Flyball, 78S)
Batting: RHB William Farmer 0-0: Ball
1-0: Ball
2-0: Foul Ball, location: 2F
2-1: Ground out 6-3 (Groundball, 6)
José López scores
Batting: RHB Dick Slagboom 0-0: Ball
1-0: Ground out 4-3 (Groundball, 34D)
Top of the 5th over - 1 run(s), 1 hit(s), 0 error(s), 0 left on base; Wisconsin 2 - Topeka 3
BOTTOM OF THE 5TH
Topeka Tornados batting - Pitching for Wisconsin Timber Rattlers : RHP Guy Hebert
Batting: RHB Bob Hall 0-0: Ball
1-0: Ball
2-0: Ball
3-0: Base on Balls
Batting: SHB Giancarlo Giannini 0-0: Foul Ball, location: 2F
0-1: Swinging Strike
0-2: Strikes out swinging
Batting: RHB Ed Watkins 0-0: Called Strike
0-1: Swinging Strike
0-2: Ball
1-2: Strikes out swinging
Batting: LHB Rusty Clinton 0-0: Foul Ball, location: 2F
0-1: Ball
1-1: Ball
2-1: Foul Ball, location: 2F
2-2: Strikes out swinging
Bottom of the 5th over - 0 run(s), 0 hit(s), 0 error(s), 1 left on base; Wisconsin 2 - Topeka 3
TOP OF THE 6TH
Wisconsin Timber Rattlers batting - Pitching for Topeka Tornados : RHP Larry Jones
Batting: RHB Vicente Vélez 0-0: Ball
1-0: Ball
2-0: Ball
3-0: Called Strike
3-1: Swinging Strike
3-2: Ground out 5-3 (Groundball, 5)
Batting: LHB George Smith 0-0: Called Strike
0-1: Called Strike
0-2: Ball
1-2: Ground out 4-3 (Groundball, 4)
Batting: RHB Shawn Marshall 0-0: Called Strike
0-1: SINGLE (Groundball, 6MD)
Batting: RHB Bailey Ramsey 0-0: Ball
1-0: Ball
2-0: Ball
3-0: Called Strike
3-1: SINGLE (Line Drive, 6MD)
Shawn Marshall to second
Batting: RHB Danny Campbell 0-0: Called Strike
0-1: Ball
1-1: Foul Ball, location: 2F
1-2: Ball
2-2: Ball
3-2: Foul Ball, location: 2F
3-2: Base on Balls
Shawn Marshall to third
Bailey Ramsey to second
Pitching: LHP Jeremy Meyer
Batting: SHB José López 0-0: Called Strike
0-1: Ball
1-1: DOUBLE (Line Drive, 8LD)
Shawn Marshall scores
Bailey Ramsey scores
Danny Campbell to third
Runner from 3rd tries for Home, SAFE, no throw
Batting: RHB Greg King 0-0: Called Strike
0-1: DOUBLE (Flyball, 8RM)
José López scores
Batting: RHB William Farmer 0-0: SINGLE (Groundball, 34D)
Greg King to third
Runner from 3rd tries for Home, SAFE, no throw
Batting: RHB Dick Slagboom 0-0: Called Strike
0-1: Ball
1-1: Called Strike
1-2: Strikes out swinging
Top of the 6th over - 5 run(s), 5 hit(s), 0 error(s), 1 left on base; Wisconsin 7 - Topeka 3
BOTTOM OF THE 6TH
Topeka Tornados batting - Pitching for Wisconsin Timber Rattlers : RHP Guy Hebert
Pitching: RHP Jerry Terry
Batting: RHB Gabriel Santana 0-0: Called Strike
0-1: Ball
1-1: Foul Ball, location: 2F
1-2: Ball
2-2: Fly out, F8 (Line Drive, 8RM)
Batting: RHB José Pinto 0-0: Ball
1-0: SINGLE (Line Drive, 89S)
Batting: LHB Yoshiaki Ohayashi 0-0: Ball
1-0: Called Strike
José Pinto steals 2nd base
1-1: Foul Ball, location: 2F
1-2: Strikes out looking
Batting: RHB Desi Thompson 0-0: Ball
1-0: Foul Ball, location: 2F
1-1: Fly out, F9 (Flyball, 9LMF)
Bottom of the 6th over - 0 run(s), 1 hit(s), 0 error(s), 1 left on base; Wisconsin 7 - Topeka 3
TOP OF THE 7TH
Wisconsin Timber Rattlers batting - Pitching for Topeka Tornados : LHP Jeremy Meyer
Batting: RHB Vicente Vélez 0-0: Called Strike
0-1: Ball
1-1: Ground out 5-3 (Groundball, 5)
Batting: LHB George Smith 0-0: Ball
1-0: Ball
2-0: Called Strike
2-1: Ground out 4-3 (Groundball, 4)
Batting: RHB Shawn Marshall 0-0: Ball
1-0: Ball
2-0: Called Strike
2-1: Foul Ball, location: 2F
2-2: Strikes out looking
Top of the 7th over - 0 run(s), 0 hit(s), 0 error(s), 0 left on base; Wisconsin 7 - Topeka 3
BOTTOM OF THE 7TH
Topeka Tornados batting - Pitching for Wisconsin Timber Rattlers : RHP Jerry Terry
Batting: RHB Don Thomas 0-0: Ground out 1-3 (Groundball, 13)
Batting: RHB Bob Hall 0-0: Ball
1-0: Fly out, F6 (Popup, 6D)
Batting: SHB Giancarlo Giannini 0-0: Ground out 3-1 (Groundball, 34S)
Bottom of the 7th over - 0 run(s), 0 hit(s), 0 error(s), 0 left on base; Wisconsin 7 - Topeka 3
TOP OF THE 8TH
Wisconsin Timber Rattlers batting - Pitching for Topeka Tornados : LHP Jeremy Meyer
Pitching: LHP Pedro Vega
Batting: RHB Bailey Ramsey 0-0: Called Strike
0-1: Ball
1-1: Foul Ball, location: 2F
1-2: Ball
2-2: Ball
3-2: Base on Balls
Batting: RHB Danny Campbell 0-0: Ball
1-0: Ball
2-0: Swinging Strike
2-1: Sac Bunt - play at first, batter OUT! 4-3
Bailey Ramsey to second
Batting: SHB José López 0-0: Ball
1-0: Ball
2-0: Ground out 4-3 (Groundball, 4)
Bailey Ramsey to third
Batting: RHB Greg King 0-0: Called Strike
0-1: Ball
1-1: Foul Ball, location: 2F
1-2: Foul Ball, location: 2F
1-2: Foul Ball, location: 2F
1-2: Fly out, F7 (Flyball, 78S)
Top of the 8th over - 0 run(s), 0 hit(s), 0 error(s), 1 left on base; Wisconsin 7 - Topeka 3
BOTTOM OF THE 8TH
Topeka Tornados batting - Pitching for Wisconsin Timber Rattlers : RHP Jerry Terry
Batting: RHB Ed Watkins 0-0: Called Strike
0-1: Ball
1-1: Hit by Pitch
Batting: LHB Rusty Clinton 0-0: SINGLE (Line Drive, 78M)
Ed Watkins to second
Pitching: RHP Manuel González
Batting: RHB Gabriel Santana 0-0: Ball
1-0: Ball
2-0: SINGLE (Groundball, 6D)
Ed Watkins to third
Rusty Clinton to second
Batting: RHB José Pinto 0-0: Foul Ball, location: 2F
0-1: Ball
1-1: Ball
2-1: Ball
3-1: Base on Balls
Ed Watkins scores
Rusty Clinton to third
Gabriel Santana to second
Pitching: LHP Sergio Vargas
Batting: LHB Yoshiaki Ohayashi 0-0: Fly out, F5 (Line Drive, 56)
Pitching: RHP John Thompson
Batting: RHB Desi Thompson 0-0: Foul Ball, location: 2F
0-1: Ball
1-1: Ball
2-1: Foul Ball, location: 2F
2-2: Strikes out looking
Batting: RHB Don Thomas 0-0: SINGLE (Flyball, 9LS)
Rusty Clinton scores
Gabriel Santana to third
José Pinto to second
Batting: RHB Bob Hall 0-0: Ball
1-0: Foul Ball, location: 2F
1-1: SINGLE (Line Drive, 56)
Gabriel Santana scores
José Pinto to third
Don Thomas to second
Runner from 3rd tries for Home, SAFE, no throw
Batting: SHB Giancarlo Giannini 0-0: Ball
1-0: Ball
2-0: Ball
3-0: Ground out 5-3 (Groundball, 56S)
Bottom of the 8th over - 4 run(s), 4 hit(s), 0 error(s), 2 left on base; Wisconsin 7 - Topeka 7
TOP OF THE 9TH
Wisconsin Timber Rattlers batting - Pitching for Topeka Tornados : LHP Pedro Vega
Pitching: LHP Enrique Muńóz
Batting: RHB William Farmer 0-0: Ball
1-0: Ball
2-0: Ball
3-0: Base on Balls
Batting: RHB Dick Slagboom 0-0: Ball
1-0: Ball
2-0: Foul Ball, location: 2F
2-1: Foul Ball, location: 2F
2-2: Strikes out looking
Batting: RHB Vicente Vélez 0-0: Ball
1-0: Called Strike
1-1: Ball
2-1: Ground out 6-3 (Groundball, 6MD)
William Farmer to second
Pinch Hitting: RHB Miguel Salinas 0-0: Foul Ball, location: 2F
0-1: Swinging Strike
0-2: Ball
1-2: Ground out 6-3 (Groundball, 6M)
Top of the 9th over - 0 run(s), 0 hit(s), 0 error(s), 1 left on base; Wisconsin 7 - Topeka 7
BOTTOM OF THE 9TH
Topeka Tornados batting - Pitching for Wisconsin Timber Rattlers : RHP John Thompson
Now at 3B: Alex Henderson
Batting: RHB Ed Watkins 0-0: Ground out 6-3 (Groundball, 6)
Batting: LHB Rusty Clinton 0-0: Ball
1-0: Ball
2-0: Ground out 6-3 (Groundball, 6)
Pinch Hitting: RHB Armando Méndez 0-0: Called Strike
0-1: Ball
1-1: SINGLE (Line Drive, 7S)
Batting: RHB José Pinto 0-0: Called Strike
0-1: Swinging Strike
0-2: Strikes out swinging
Bottom of the 9th over - 0 run(s), 1 hit(s), 0 error(s), 1 left on base; Wisconsin 7 - Topeka 7
TOP OF THE 10TH
Wisconsin Timber Rattlers batting - Pitching for Topeka Tornados : LHP Enrique Muńóz
Now in LF: Raúl Guerra
Batting: RHB Shawn Marshall 0-0: Foul Ball, location: 2F
0-1: Foul Ball, location: 2F
0-2: Ball
1-2: Ball
2-2: Strikes out looking
Batting: RHB Bailey Ramsey 0-0: Ball
1-0: Ground out 5-3 (Groundball, 5)
Batting: RHB Danny Campbell 0-0: Called Strike
0-1: Ball
1-1: Ball
2-1: Ground out 1-3 (Groundball, P)
Top of the 10th over - 0 run(s), 0 hit(s), 0 error(s), 0 left on base; Wisconsin 7 - Topeka 7
BOTTOM OF THE 10TH
Topeka Tornados batting - Pitching for Wisconsin Timber Rattlers : RHP John Thompson
Batting: LHB Yoshiaki Ohayashi 0-0: Foul Ball, location: 2F
0-1: Ball
1-1: Foul Ball, location: 2F
1-2: Ball
2-2: Ball
3-2: Base on Balls
Batting: RHB Desi Thompson 0-0: Called Strike
0-1: Fielders Choice at 2nd, 5-4 (Groundball, 56)
Batting: RHB Don Thomas 0-0: Ball
1-0: Grounds into double play, 5-4-3 (Groundball, 56)
Bottom of the 10th over - 0 run(s), 0 hit(s), 0 error(s), 0 left on base; Wisconsin 7 - Topeka 7
TOP OF THE 11TH
Wisconsin Timber Rattlers batting - Pitching for Topeka Tornados : LHP Enrique Muńóz
Pitching: RHP Masamichi Samurakami
Batting: SHB José López 0-0: Ball
1-0: SINGLE (Line Drive, 34)
Batting: RHB Greg King 0-0: Sac Bunt - play at second, runner OUT! 1-6
Batting: RHB William Farmer Pickoff Throw to First - Out!
0-0: Ball
1-0: Called Strike
1-1: DOUBLE (Line Drive, 7LD)
Batting: RHB Dick Slagboom 0-0: Called Strike
0-1: Ball
1-1: Foul Ball, location: 2F
1-2: Foul Ball, location: 2F
1-2: Strikes out swinging
Top of the 11th over - 0 run(s), 2 hit(s), 0 error(s), 1 left on base; Wisconsin 7 - Topeka 7
BOTTOM OF THE 11TH
Topeka Tornados batting - Pitching for Wisconsin Timber Rattlers : RHP John Thompson
Batting: RHB Bob Hall 0-0: Ball
1-0: Called Strike
1-1: Fly out, F9 (Line Drive, 89M)
Batting: SHB Giancarlo Giannini 0-0: Hit by Pitch
Batting: RHB Ed Watkins 0-0: Ball
1-0: Grounds into double play, 6-4-3 (Groundball, 6)
Bottom of the 11th over - 0 run(s), 0 hit(s), 0 error(s), 0 left on base; Wisconsin 7 - Topeka 7
TOP OF THE 12TH
Wisconsin Timber Rattlers batting - Pitching for Topeka Tornados : RHP Masamichi Samurakami
Batting: RHB Vicente Vélez 0-0: Ball
1-0: Swinging Strike
1-1: Foul Ball, location: 2F
1-2: Strikes out swinging
Batting: LHB Alex Henderson 0-0: SOLO HOME RUN (Flyball, 89XD), Distance : 401 ft
Batting: RHB Shawn Marshall 0-0: Ball
1-0: Swinging Strike
1-1: Swinging Strike
1-2: Strikes out swinging
Batting: RHB Bailey Ramsey 0-0: Called Strike
0-1: Ball
1-1: Ball
2-1: Swinging Strike
2-2: Foul Ball, location: 2F
2-2: Ball
3-2: Base on Balls
Batting: RHB Danny Campbell 0-0: Called Strike
0-1: Foul Ball, location: 2F
0-2: Strikes out swinging
Top of the 12th over - 1 run(s), 1 hit(s), 0 error(s), 1 left on base; Wisconsin 8 - Topeka 7
BOTTOM OF THE 12TH
Topeka Tornados batting - Pitching for Wisconsin Timber Rattlers : RHP John Thompson
Pitching: RHP Tom McConnell
Batting: LHB Rusty Clinton 0-0: Called Strike
0-1: Ball
1-1: Ball
2-1: Swinging Strike
2-2: Strikes out swinging
Batting: LHB Raúl Guerra 0-0: Ball
1-0: Ground out U3 (Groundball, 34)
Batting: RHB José Pinto 0-0: Called Strike
0-1: Foul Ball, location: 2F
0-2: Ball
1-2: Strikes out swinging
Bottom of the 12th over - 0 run(s), 0 hit(s), 0 error(s), 0 left on base; Wisconsin 8 - Topeka 7
Thursday, March 30th, 2017 - OOTP Baseball 17.12 Build 75